AoeStats
← Turmoil Yeti

Arena

508950555Analyzed
1v1 RM · 6d ago on Sep 24, 2026· 48m 26s· 2 players
Game mode
Random Map
Map size
Tiny (2 player)
Population
200
Speed
Normal
Resources
Standard
Victory
Conquest
Starting age
Dark Age
Ending age
Imperial Age
RankedLock teamsTeams togetherTeam positionsShared explorationLock speedFull tech treeHidden civsTurbo modeCheats
Victory
Defeat
🇺🇸 Bulgarians · United States
604
+18
🇦🇷 Britons · Argentina
655
-18
Turmoil Yeti
11:20 Feudal Age
11:51 Double-Bit Axe
12:41 Horse Collar
14:17 Wheelbarrow
20:52 Castle Age
19:01 Scale Mail Armor
19:14 Forging
18:58 Loom
21:35 Bloodlines
26:27 Bow Saw
28:08 Heavy Plow
31:39 Stirrups
32:54 Iron Casting
32:29 Scale Barding Armor
32:40 Chain Mail Armor
32:33 Elite Skirmisher
32:56 Light Cavalry
35:10 Hand Cart
34:46 Loom
38:18 Imperial Age
35:47 Fletching
37:38 Chain Barding Armor
37:34 Masonry
37:21 Murder Holes
37:23 Gambesons
37:43 Squires
38:17 Arson
38:50 Padded Archer Armor
38:50 Town Watch
38:51 Pikeman
41:28 Crop Rotation
40:52 Stone Mining
40:52 Gold Mining
42:22 Elite Konnik
43:51 Bagains
46:34 Architecture
47:07 Chemistry
46:30 Ballistics
46:50 Plate Barding Armor
47:10 Conscription
47:56 Blast Furnace
46:55 Bodkin Arrow
47:05 Town Patrol
48:05 Hussar
49:27 Plate Mail Armor
COSTAMDP
11:06 Feudal Age
15:11 Castle Age
13:24 Double-Bit Axe
14:49 Forging
14:40 Padded Archer Armor
19:36 Crossbowman
26:09 Bow Saw
26:41 Gold Mining
27:44 Loom
29:46 Iron Casting
33:20 Imperial Age
33:46 Wheelbarrow
33:38 Stone Mining
34:43 Arbalester
38:01 Chemistry
36:59 Elite Longbowman
40:59 Blast Furnace
40:14 Leather Archer Armor
39:50 Fletching
45:48 Onager
Connection lost

Rejoining the realm…

Still unreachable

The connection could not be restored.

Session expired

The server has moved on; the page needs a fresh start.